 Dungeon Crawl Stone Soup version 0.26-a0-652-gafc20e3620 (webtiles) character file.

Game seed: 13872774336628285679

2 DogServant the Gusty (level 1, 0/10 HPs)
             Began as a Kobold Air Elementalist on Oct 2, 2020.
             Slain by a hobgoblin
             ... wielding a +0 club
              (1 damage)
             ... on level 1 of the Dungeon.
             The game lasted 00:01:12 (78 turns).

DogServant the Gusty (Kobold Air Elementalist)        Turns: 78, Time: 00:01:12

Health: 0/10       AC:  2    Str:  5    XL:     1   Next: 44%
Magic:  0/3        EV: 15    Int: 16    God:
Gold:   0          SH:  0    Dex: 15    Spells: 3/4 levels left

rFire    . . .     SeeInvis .   (weapon restricted)
rCold    . . .     Faith    .   (shield restricted)
rNeg     . . .     Spirit   .   a - +0 robe
rPois    .         Reflect  .   (no helmet)
rElec    .         Harm     .   (no cloak)
rCorr    .         Rampage  .   (no gloves)
MR       .....                  (no boots)
Stlth    +++.......             (no amulet)
HPRegen  0.03/turn              (no ring)
MPRegen  0.08/turn              (no ring)

@: very slightly contaminated
A: small, nightstalker 3
a: no special abilities


You were on level 1 of the Dungeon.
You visited 1 branch of the dungeon, and saw 1 of its levels.

Inventory:

Missiles
 b - 11 poisoned darts (quivered)
Armour
 a - a +0 robe (worn)


   Skills:
 - Level 2.4 Dodging
 - Level 2.6 Stealth
 + Level 2.2 Spellcasting
 + Level 1.1 Conjurations
 + Level 3.0 Air Magic


You had 3 spell levels left.
You knew the following spells:

 Your Spells              Type           Power        Failure   Level
a - Shock                 Conj/Air       #...         9%          1

Your spell library contained the following spells:

 Spells                   Type           Power        Failure   Level
 Swiftness                Air            ##......     9%          2
 Static Discharge         Conj/Air       #.......     26%         3
 Airstrike                Air            ##........   50%         4
 Lightning Bolt           Conj/Air       #.........   93%         5


Dungeon Overview and Level Annotations

Branches:
Dungeon (1/15)

Altars:


Innate Abilities, Weirdness & Mutations

You are small and have problems with some larger weapons.
You are completely attuned to the shadows.


Message History

You miscast Shock.
You are very lightly contaminated with residual magic.
Nothing appears to happen.
The hobgoblin misses you.
Casting: Shock (safe; 9% risk of failure)
Confirm with . or Enter, or press ? or * to list all spells.
Aiming: Shock (safe; 9% risk of failure)
Press: ? - help, Shift-Dir - straight line, f/p - hobgoblin
Aim: a hobgoblin, wielding a +0 club The zap hits the hobgoblin but does no damage.
The hobgoblin hits you but does no damage.
You aren't carrying any scrolls.
Unknown command.
Casting: Shock (safe; 9% risk of failure)
Confirm with . or Enter, or press ? or * to list all spells.
Press: ? - help, Shift-Dir - straight line, f - dart slug, p - hobgoblin
Aim: a dart slug The zap misses the hobgoblin.
The zap hits the dart slug.
The dart slug is lightly wounded.
The hobgoblin hits you with a +0 club.
You die...

.♣..P.. .♣.P...P
......... ...P.....
#.......<..
#.P.♣.P.g...
#.♣.P....... #+#
#......P...P
#@#####..P..♣..P..
##g......#.....♣PP.
#......# ##......♣♣
#.?w...# ##.♣...P.
#$?....# ###.####
#.....# #(......
#.....######.......
#........w.........
#..................


You could see a dart slug and a hobgoblin.

Vanquished Creatures
  A goblin (D:1)
  A hobgoblin (D:1)
2 creatures vanquished.

Notes
Turn   | Place    | Note
-------+----------+-------------------------------------------
     0 | D:1      | DogServant the Kobold Air Elementalist began the quest for
                  | the Orb.
     0 | D:1      | Reached XP level 1. HP: 10/10 MP: 3/3
    78 | D:1      | Slain by a hobgoblin

Illustrated notes

Levels and vault maps discovered:
D:1:      wander_arrival_fairy_ring, layout_basic, minmay_misc_feat_encased

Action                   || total
-------------------------++-------
Melee: Unarmed           ||     3
 Cast: Shock             ||     6
Dodge: Dodged            ||     2

Table legend: (Time is in decaauts)
 A = Elapsed time spent in this place.
 B = Non-inter-level travel time spent in this place.
 C = Inter-level travel time spent in this place.
 D = Time resting spent in this place.
 E = Time spent auto-exploring this place.
 F = Levels seen in this place.
 G = Mean time per level.
                   A        B        C        D        E       F      G
               +--------+--------+--------+--------+--------+-----+--------+
         Total |     78 |     78 |      0 |      0 |     25 |   1 |   78.0 |
       Dungeon |     78 |     78 |      0 |      0 |     25 |   1 |   78.0 |
               +--------+--------+--------+--------+--------+-----+--------+

Top non-repeatable levels by time:
     D:1: 78 daAuts
